 Dungeon Crawl Stone Soup version 0.25.0-41-g26779e291d (webtiles) character file.

Game seed: 15893424685931482007

56 Ethylacetat the Changer (level 3, -1/23 HPs)
             Began as an Octopode Transmuter on July 10, 2020.
             Slain by a gnoll
             ... wielding a +0 whip
              (5 damage)
             ... on level 2 of the Dungeon.
             The game lasted 00:04:43 (3042 turns).

Ethylacetat the Changer (Octopode Transmuter)       Turns: 3042, Time: 00:04:44

Health: -1/23      AC:  1    Str: 10    XL:     3   Next: 97%
Magic:  7/7        EV: 13    Int: 15    God:
Gold:   137        SH:  0    Dex: 12    Spells: 6/7 levels left

rFire    . . .     SeeInvis .   g - +3 dagger
rCold    . . .     Gourm    .   (no shield)
rNeg     . . .     Faith    .   (helmet restricted)
rPois    .         Spirit   .   (no amulet)
rElec    .         Reflect  .   (no ring)
rCorr    .         Harm     .   (no ring)
MR       .....                  (no ring)
Stlth    ++........             (no ring)
HPRegen  0.07/turn              (no ring)
MPRegen  0.10/turn              (no ring)
                                (no ring)
                                (no ring)

@: no status effects
A: almost no armour, stealthy swim, amphibious, 8 rings, constrict 8, camouflage
1, gelatinous body 1
a: no special abilities


You were on level 2 of the Dungeon.
You were not hungry.

You visited 1 branch of the dungeon, and saw 3 of its levels.

You collected 137 gold pieces.

Inventory:

Hand Weapons
 g - a +3 dagger (weapon)
Missiles
 a - 34 arrows
Jewellery
 h - an uncursed ring of resist corrosion {unknown}
Scrolls
 b - 2 scrolls of identify {unknown}
 d - a scroll of magic mapping {unknown}
 j - a scroll of fear {unknown}
 k - a scroll of blinking {unknown}
 n - a scroll of fog {unknown}
 q - a scroll of enchant armour {unknown}
Potions
 e - a potion of lignification {unknown}
 f - a potion of heal wounds {unknown}
 i - a potion of mutation {unknown}
 l - 2 potions of flight {unknown}
 m - a potion of curing {unknown}
 o - a potion of magic {unknown}
Comestibles
 c - 6 rations
 p - 2 chunks of flesh


   Skills:
 - Level 1.0 Fighting
 - Level 2.0 Dodging
 - Level 3.0 Unarmed Combat
 + Level 2.7 Spellcasting
 * Level 3.5 Transmutations


You had 6 spell levels left.
You knew the following spells:

 Your Spells              Type           Power        Failure   Level  Hunger
a - Beastly Appendage     Tmut           ##....       4%          1    #......

Your spell library contained the following spells:

 Spells                   Type           Power        Failure   Level  Hunger
 Sticks to Snakes         Tmut           ##......     7%          2    ##.....
 Spider Form              Tmut/Pois      #.........   30%         3    ###....
 Ice Form                 Ice/Tmut       #.......     69%         4    #####..
 Blade Hands              Tmut           ##........   78%         5    ######.


Dungeon Overview and Level Annotations

Branches:
Dungeon (3/15)

Altars:
Hepliaklqana
Okawaru
Qazlal
Trog
Wu Jian


Innate Abilities, Weirdness & Mutations

You cannot wear most types of armour.
You are very stealthy in the water. (Stealth+)
You are amphibious.
You can wear up to eight rings at the same time.
You can use your tentacles to constrict eight enemies at once.
Your skin changes colour to match your surroundings (Stealth+).
Your rubbery body absorbs attacks. (AC +1, EV +1)


Message History

As you open the door, it creaks loudly! The gnoll closely misses you.
There is an open door here.
You see here a chain mail.
Things that are here:
a +0 flail; a gnoll corpse You see here a wand of polymorph (9).
The gnoll barely misses you.
There is an escape hatch in the ceiling here.
The gnoll hits you with a +0 whip.
* * * LOW HITPOINT WARNING * * *
A mysterious force pulls you upwards. The hatch slams shut behind you.
Casting: Beastly Appendage (safe; 4% risk of failure)
Confirm with . or Enter, or press ? or * to list all spells.
Okay, then.
You closely miss the gnoll. Your grab misses the gnoll.
Your squeeze misses the gnoll.
The gnoll is moderately wounded.
The gnoll hits you with a +0 whip.
You die...

....#.........#######............
....#..............##.......#####
....#..#...♣...#...##.......# #
....#.....♣.♣......##.......# #
#'###....♣.♣.♣.....##.......# #
#.# #...♣.♣.♣.♣..........#### #
#.# #..♣.♣._.♣.♣.........# #
#.####..♣.♣.♣.♣........### ##
#[.......♣.♣)♣.g@......# #.
######....♣.♣....####### #.
######.#...♣...#.# #.
...#.............# #.
##.#....#.###..### ##
...####.#.....## ###
........#.##### #<. #######.#.#
########### .....##.#.#
#...(......


You could see a gnoll.

Vanquished Creatures
  A gnoll (D:3)
  An adder (D:2)
  A worm (D:2)
  A ball python (D:2)
  5 bats
  5 hobgoblins
  4 jackals
  5 kobolds
  3 frilled lizards (D:1)
  3 goblins
  7 rats
36 creatures vanquished.

Notes
Turn   | Place    | Note
-------+----------+-------------------------------------------
     0 | D:1      | Ethylacetat the Octopode Transmuter began the quest for the
                  | Orb.
     0 | D:1      | Reached XP level 1. HP: 13/13 MP: 3/3
   485 | D:1      | Reached XP level 2. HP: 18/18 MP: 3/5
  1456 | D:2      | Found an iron altar of Okawaru.
  1765 | D:2      | Found a hazy altar of Hepliaklqana.
  1765 | D:2      | Found a bloodstained altar of Trog.
  1766 | D:2      | Found an ornate altar of the Wu Jian Council.
  1774 | D:2      | Found a stormy altar of Qazlal.
  2039 | D:2      | Reached XP level 3. HP: 23/23 MP: 6/6
  2958 | D:3      | HP: 1/23 [gnoll/+0 whip (8)]
  3042 | D:2      | Slain by a gnoll

Illustrated notes

Levels and vault maps discovered:
D:1:      lemuel_arrival_funnel, layout_basic
D:2:      layout_basic, minitemple, first_ration, okawaru_trees_2
D:3:      layout_loops_corners, minivault_5, uniq_jessica,
          uniq_crazy_yiuf_cottage

Skill      XL: |  1  2 |
---------------+-------+-----
Transmutations | 3 |  3.5
Fighting       | |  1.0
Dodging        | |  2.0
Unarmed Combat | |  3.0
Spellcasting   | |  2.7

Action                   || total
-------------------------++-------
Melee: Unarmed           ||    22
       Constrict         ||    21
       Kick              ||    13
       Tentacles         ||    12
       Punch             ||     2
       Dagger            ||    51
 Cast: Beastly Appendage ||    26
 Stab: Sleeping          ||     7
  Eat: Chunk             ||     7
Armor: Skin              ||     2
Dodge: Dodged            ||    52
